Map: Curious Minds LE

Players

atimmy

  • Race: Terran Terran
  • League: Master
  • Spawn Location: 11:00

Pumba - Winner!

  • Race: Protoss Protoss
  • League: Master
  • Spawn Location: 5:00

VOD

Have the link to the VOD?

Description

Time

  • Played on: March 22, 2022, 8:46 p.m.
  • Length: 9:22
Show
View Real Time Build Order
Export as new Build Order

atimmy Terran 

Build Orders:  

Get SALT Encoding   

  12  0:00  SCV  
  13  0:12  SCV  
  14  0:17  Supply Depot  
  14  0:24  SCV  
  15  0:39  SCV  
  15  0:40  Barracks  
  16  0:45  Refinery  
  16  0:51  SCV  
  16  0:54  Refinery  
  17  1:03  SCV  
  18  1:14  Supply Depot  
  18  1:15  SCV  
  19  1:28  Orbital Command  
  19  1:30  Reaper  
  20  1:45  Factory  
  20  1:59  SCV  
  21  2:02  Reaper  
  22  2:11  SCV  
  23  2:23  SCV  
  23  2:25  Command Center  
  24  2:31  Hellion  
  24  2:36  SCV, Reaper  
  28  2:48  SCV  
  29  2:52  Hellion  
  29  2:53  Supply Depot  
  31  3:02  Starport  
  31  3:12  Barracks Reactor  
  31  3:14  Factory Tech Lab  
  31  3:15  SCV  
  32  3:22  Barracks  
  32  3:26  Barracks  
  32  3:27  SCV  
  33  3:43  Siege Tank  
  33  3:44  Starport Tech Lab  
  33  3:47  Orbital Command  
  36  3:50  Marine x2  
  36  3:54  SCV  
  32  4:04  Raven  
  32  4:06  SCV  
  32  4:08  Marine x2  
  37  4:14  Marine  
  37  4:16  SCV  
  39  4:18  Supply Depot  
  39  4:23  SCV  
  40  4:28  SCV  
  40  4:29  Supply Depot, Marine  
  42  4:34  Siege Tank  
  42  4:35  SCV  
  46  4:40  SCV  
  46  4:42  Refinery  
  47  4:47  SCV  
  46  4:53  SCV  
  46  4:59  SCV  
  48  5:01  Engineering Bay  
  48  5:02  Supply Depot  
  48  5:03  Supply Depot  
  48  5:05  SCV  
  48  5:06  Viking  
  51  5:07  Marine  
  51  5:08  Stimpack  
  51  5:13  SCV  
  53  5:17  SCV, Factory Reactor  
  53  5:20  Bunker  
  54  5:23  Supply Depot  
  54  5:25  SCV  
  54  5:26  Combat Shield  
  55  5:34  Supply Depot, Terran Infantry Weapons Level 1  
  55  5:37  SCV  
  55  5:40  Starport Reactor  
  55  5:41  SCV  
  57  5:45  Marine  
  57  5:46  Refinery  
  57  5:47  Marine  
  57  5:49  SCV  
  60  5:52  Marauder, Marine  
  60  5:53  SCV  
  64  6:01  SCV, Widow Mine  
  64  6:03  Marine  
  70  6:04  Widow Mine  
  70  6:05  SCV  
  70  6:10  Marauder  
  73  6:13  SCV  
  73  6:14  Supply Depot  
  73  6:15  Supply Depot  
  73  6:16  Marauder, Marine  
  73  6:17  SCV  
  78  6:19  Medivac  
  78  6:22  Medivac  
  83  6:25  SCV  
  83  6:26  Widow Mine  
  83  6:29  Widow Mine  
  83  6:30  Marine  
  88  6:36  Marauder, Marine  
  91  6:42  Marauder  
  93  6:47  Concussive Shells  
  93  6:50  Marine  
  93  6:53  Marine  
  95  6:54  Medivac  
  95  6:57  Marauder  
  98  7:01  Command Center  
  98  7:04  Marauder  
  98  7:08  Marine  
  101  7:17  Barracks  
  101  7:21  Barracks, Marauder, Marine  
  104  7:23  Missile Turret  
  104  7:25  Medivac x2, Marauder  
  104  7:28  Terran Infantry Armor Level 1  
  110  7:39  Reaper, Marine  
  110  7:40  Widow Mine x2  
  110  7:42  Marauder  
  110  7:44  Supply Depot  
  117  7:46  Marine  
  117  7:57  Marine  
  118  8:05  Liberator, Widow Mine, Marauder, Marine x2  
  126  8:09  Marine  
  126  8:11  Marine  
  126  8:13  Widow Mine  
  126  8:15  Marine  
  113  8:23  Marauder, Marine  
  113  8:26  Marine  
  90  8:27  Marine  
  90  8:29  Marine  
  90  8:33  Marine  
  81  8:41  Marine  
  62  8:44  Marine x2  
  62  8:45  Marine  
  62  8:47  Marine  
  59  8:50  Marine  
  56  8:59  Marine  
  56  9:02  Marine x2  
  51  9:03  Marine  
  51  9:04  SCV  
Show
View Real Time Build Order
Export as new Build Order

Pumba Protoss - Winner!

Build Orders: 1 Gate Expand 

Get SALT Encoding   

  12  0:00  Probe  
  13  0:13  Probe  
  14  0:17  Pylon  
  14  0:25  Probe (Chrono Boost)  
  15  0:37  Probe (Chrono Boost)  
  15  0:38  Gateway  
  16  0:46  Probe (Chrono Boost)  
  17  0:51  Probe  
  17  0:52  Assimilator  
  18  1:03  Probe  
  19  1:15  Probe  
  20  1:23  Nexus  
  20  1:31  Cybernetics Core  
  20  1:34  Probe  
  21  1:45  Assimilator  
  21  1:52  Probe  
  22  1:56  Pylon  
  22  2:04  Probe  
  23  2:14  Adept (Chrono Boost)  
  23  2:15  Robotics Facility  
  25  2:17  Probe  
  26  2:23  Warp Gate  
  26  2:29  Probe  
  27  2:34  Gateway  
  27  2:37  Probe (Chrono Boost)  
  26  2:41  Probe (Chrono Boost)  
  27  2:50  Stalker (Chrono Boost)  
  28  2:53  Probe (Chrono Boost)  
  28  2:54  Probe (Chrono Boost)  
  30  3:00  Probe (Chrono Boost)  
  30  3:01  Probe (Chrono Boost)  
  30  3:05  Observer  
  33  3:11  Probe  
  34  3:13  Probe  
  35  3:20  Twilight Council  
  35  3:23  Probe  
  35  3:25  Probe  
  37  3:29  Stalker (Chrono Boost)  
  39  3:35  Probe, Stalker (Chrono Boost)  
  39  3:37  Probe  
  40  3:47  Probe  
  39  3:50  Probe  
  35  4:01  Probe  
  35  4:02  Probe  
  36  4:15  Probe (Chrono Boost)  
  37  4:18  Probe (Chrono Boost)  
  38  4:28  Blink (Chrono Boost)  
  38  4:29  Probe (Chrono Boost)  
  40  4:31  Probe (Chrono Boost)  
  40  4:34  Probe (Chrono Boost)  
  40  4:35  Pylon  
  40  4:37  Probe  
  42  4:44  Probe  
  43  4:50  Probe  
  42  4:56  Probe  
  43  5:00  Nexus  
  43  5:02  Probe  
  44  5:08  Probe  
  44  5:13  Observer  
  45  5:17  Probe  
  45  5:18  Stalker x2  
  45  5:20  Probe  
  51  5:24  Pylon  
  51  5:29  Probe  
  51  5:33  Probe  
  53  5:41  Probe  
  54  5:45  Probe  
  54  5:46  Sentry, Gateway  
  54  5:47  Gateway  
  54  5:48  Stalker  
  59  5:53  Gateway  
  59  5:54  Probe  
  59  5:55  Gateway  
  60  5:57  Probe  
  60  5:58  Gateway  
  60  6:02  Gateway  
  61  6:06  Probe, Pylon  
  62  6:12  Stalker x2  
  66  6:19  Charge (Chrono Boost)  
  66  6:20  Observer, Gateway  
  66  6:25  Shield Battery  
  66  6:29  Shield Battery  
  66  6:34  Observer  
  66  6:36  Zealot  
  66  6:37  Zealot  
  71  6:45  Pylon  
  71  6:46  Observer  
  71  6:47  Pylon  
  71  6:48  Probe  
  71  6:49  Pylon  
  71  6:50  Zealot x3  
  71  6:51  Pylon  
  71  6:52  Pylon  
  78  7:05  Zealot x5  
  88  7:12  Zealot  
  88  7:13  Zealot x2  
  94  7:19  Observer  
  94  7:20  Zealot  
  96  7:30  Probe, Pylon  
  96  7:32  Gateway, Pylon  
  96  7:33  Zealot x4  
  96  7:35  Pylon  
  105  7:51  Zealot x5  
  115  7:59  Zealot x4  
  123  8:12  Zealot x5  
  125  8:21  Zealot x2  
  125  8:22  Zealot x2  
  108  8:34  Zealot x6  
  98  8:48  Zealot x4  
  104  8:57  Zealot x6  
  104  9:00  Probe x2  
  116  9:06  Forge  
  116  9:09  Forge  
Tags
 
Add a new tag
Caveats
  • Supply blocks, unpowered buildings, or Contaminate may cause inaccurate times.
  • Supply counts are checked every 10 seconds.